 Dungeon Crawl Stone Soup version 0.19.1 (console) character file.

11127 Kloppie the Impaler (level 11, -5/129 HPs)
             Began as a Merfolk Berserker on Nov 26, 2016.
             Was a High Priest of Trog.
             Slain by Urug
             ... wielding a +1 broad axe of freezing
              (9 damage)
             ... on level 10 of the Dungeon.
             The game lasted 00:17:46 (11444 turns).

Kloppie the Impaler (Merfolk Berserker)            Turns: 11444, Time: 00:17:46

Health: -5/129     AC:  8    Str: 23    XL:     11   Next: 72%
Magic:  11/11      EV: 19    Int:  7    God:    Trog [*****.]
Gold:   629        SH:  0    Dex: 16    Spells: 0 memorised, 10 levels left

rFire  + . .     SeeInvis .     b - +1 halberd (freeze) (curse)
rCold  . . .     Gourm    .     k - +1 scale mail {rF+}
rNeg   . . .     Faith    .     (shield currently unavailable)
rPois  +         Spirit   .     (no helmet)
rElec  .         Reflect  .     q - +0 cloak {rPois}
rCorr  .         Harm     .     (no gloves)
MR     .....                    (no boots)
Stlth  ..........               (no amulet)
                                (no ring)
                                (no ring)

@: berserking, starving, very quick
A: change form in water, swift swim, stealthy swim
a: Berserk, Trog's Hand, Brothers in Arms, Burn Spellbooks, Renounce Religion


You were on level 10 of the Dungeon.
You worshipped Trog.
Trog was extremely pleased with you.
You were starving.

You visited 1 branch of the dungeon, and saw 10 of its levels.

You collected 629 gold pieces.

Inventory:

Hand Weapons
 a - a +1 trident
 b - a cursed +1 halberd of freezing (weapon)
 s - a +3 halberd of venom
Armour
 k - a +1 scale mail of fire resistance (worn)
 q - a +0 cloak of poison resistance (worn)
 t - a +1 scale mail of cold resistance
Wands
 m - a wand of hasting (4/9)
 v - a wand of slowing (27/48)
 y - a wand of flame (24/48)
Scrolls
 d - 2 scrolls of identify
 f - 4 scrolls of teleportation
 h - 5 scrolls of remove curse
 j - a scroll of recharging
 p - a scroll of noise
 C - a scroll of silence {unknown}
Potions
 e - 2 potions of ambrosia
 g - 2 potions of resistance
 l - 5 potions of flight
 o - 6 potions of curing
 u - 3 potions of lignification
 z - 2 potions of agility
 A - a potion of cure mutation
 B - a potion of beneficial mutation {unknown}
Books
 i - a book of Geomancy

   Spells                             Type                      Level
   a - Sandblast                      Earth                        1
   b - Passwall                       Transmutation/Earth          2
   c - Stone Arrow                    Conjuration/Earth            3
   d - Petrify                        Transmutation/Earth          4
   e - Lee's Rapid Deconstruction     Earth                        5
   Trog disapproves of the use of such an item.
Comestibles
 c - 10 bread rations
 n - a royal jelly
 r - 3 meat rations
 w - 2 slices of pizza
 x - a beef jerky


   Skills:
 - Level 8.2 Fighting
 - Level 18.0 Polearms
 - Level 1.3 Armour
 + Level 13.2 Dodging


You had 10 spell levels left.
You didn't know any spells.

Dungeon Overview and Level Annotations

Branches:
Dungeon (10/15)            Temple (0/1) D:4            Lair (0/6) D:9
    Orc (0/2) D:9

Altars:
Ashenzari
Dithmenos
Elyvilon
Gozag
Hepliaklqana
Kikubaaqudgha
Nemelex Xobeh
Ru
Sif Muna
Vehumet
The Shining One

Shops:
D:7 :

Annotations:
D:10 Urug


Message History

* * * LOW HITPOINT WARNING * * *
A red film seems to cover your vision as you go berserk!
You feel yourself moving faster!
You feel mighty!
You are starving!
You closely miss Urug.
Urug is heavily wounded.
Urug hits you with a broad axe of freezing!!
* * * LOW HITPOINT WARNING * * *
Urug freezes you.
* * * LOW HITPOINT WARNING * * *
You barely miss Urug.
Urug is heavily wounded.
You barely miss Urug.
Urug is heavily wounded.
You hit Urug. You freeze Urug.
Urug is severely wounded.
Urug hits you with a broad axe of freezing!!
* * * LOW HITPOINT WARNING * * *
Urug freezes you!
You die...

........#.......# ............
........#.......# .........)..###
........#.......# ............#.#
........#.....).#.............#.#
###...>.#####'###.............'..
..#...........................'..
..#.....#######(#+####....^...#..
..#.....#..[....(....#........#..
#'#<....#.......@....#).......###
........#.......o....#..........#
........#............#..........#
........####.........#..........#
...>.......#.........#...........
...........#.........#...........
...........##+####+###...........
.............. ........######
.#####.....#########.......#.....


You could see Urug.

Vanquished Creatures
  The ghost of Tyryt0 the Cleaver, a novice FoFi of Qazlal (D:7)
  The ghost of Tyryt0 the Fighter, a novice OgFi of Ashenzari (D:8)
  Sonja (D:10)
  An unseen horror (D:8)
  A hill giant (D:10)
  A cyclops (D:10)
  Joseph (D:7)
  A gargoyle (D:10)
  4 trolls
  A merfolk (D:9)
  The ghost of Damokl the Sneak, a novice VSEn (D:4)
  Eustachio (D:5)
  2 sky beasts
  5 ice beasts
  4 orc warriors
  2 black bears (D:8)
  2 phantoms
  3 centaurs (D:6)
  11 ogres
  2 bullfrogs (D:6)
  7 big kobolds
  3 gnoll sergeants (D:9)
  3 scorpions
  4 killer bees (D:9)
  10 wights
  7 crimson imps
  6 hounds
  A quasit (D:6)
  A bullfrog zombie (D:5)
  10 orc wizards
  Crazy Yiuf (D:3)
  2 jellies
  12 orc priests
  2 iguanas
  Jessica (D:2)
  Ijyb (D:2)
  5 worker ants
  A hound skeleton (D:5)
  A howler monkey zombie (D:7)
  2 worker ant zombies
  A howler monkey skeleton (D:7)
  13 gnolls
  10 adders
  4 shadow imps
  An ooze (D:3)
  2 adder skeletons
  5 worms
  2 dart slugs (D:4)
  7 leopard geckos
  66 orcs
  6 bats
  9 giant cockroaches
  8 goblins
  5 hobgoblins
  10 jackals
  14 kobolds
  2 quokkas
  A ball python skeleton (D:4)
  5 frilled lizards
  A leopard gecko skeleton (D:4)
  A leopard gecko zombie (D:8)
  8 rats
307 creatures vanquished.

Vanquished Creatures (others)
  A quokka (D:6)
1 creature vanquished.

Grand Total: 308 creatures vanquished

Notes
Turn   | Place    | Note
-------+----------+-------------------------------------------
     0 | D:1      | Kloppie the Merfolk Berserker began the quest for the Orb.
     0 | D:1      | Reached XP level 1. HP: 18/18 MP: 1/1
   584 | D:1      | Reached XP level 2. HP: 23/24 MP: 2/2
   942 | D:1      | Reached skill level 5 in Polearms
  1355 | D:2      | Noticed Ijyb
  1368 | D:2      | Killed Ijyb
  1368 | D:2      | Reached XP level 3. HP: 30/30 MP: 3/3
  1445 | D:2      | Reached skill level 6 in Polearms
  1450 | D:2      | Reached XP level 4. HP: 27/37 MP: 4/4
  1452 | D:2      | Noticed Jessica
  1461 | D:2      | Killed Jessica
  1893 | D:2      | Reached ** piety under Trog
  2037 | D:3      | Reached skill level 7 in Polearms
  2037 | D:3      | Reached XP level 5. HP: 41/43 MP: 5/5
  2270 | D:3      | Reached skill level 8 in Polearms
  2270 | D:3      | Reached XP level 6. HP: 9/50 MP: 6/6
  2307 | D:3      | Reached skill level 5 in Fighting
  2648 | D:3      | Found a runed door.
  2902 | D:3      | Found a deep blue altar of Sif Muna.
  3097 | D:3      | Noticed Crazy Yiuf
  3102 | D:3      | Killed Crazy Yiuf
  3102 | D:3      | Reached skill level 9 in Polearms
  3239 | D:4      | Reached XP level 7. HP: 37/56 MP: 7/7
  3617 | D:4      | Noticed Damokl's ghost (novice VSEn)
  3623 | D:4      | Killed Damokl's ghost
  3623 | D:4      | Reached skill level 10 in Polearms
  3633 | D:4      | Found an ancient bone altar of Kikubaaqudgha.
  3634 | D:4      | Found a shattered altar of Ashenzari.
  3857 | D:4      | Found a sacrificial altar of Ru.
  4038 | D:4      | Reached skill level 11 in Polearms
  4038 | D:4      | Reached XP level 8. HP: 44/65 MP: 8/8
  4050 | D:4      | Reached *** piety under Trog
  4253 | D:4      | Found a staircase to the Ecumenical Temple.
  4722 | D:5      | Entered Level 5 of the Dungeon
  4829 | D:5      | Reached skill level 12 in Polearms
  5304 | D:5      | Reached **** piety under Trog
  5712 | D:5      | Noticed Eustachio
  5730 | D:5      | Killed Eustachio
  5730 | D:5      | Reached skill level 13 in Polearms
  5730 | D:5      | Reached XP level 9. HP: 73/73 MP: 9/9
  6144 | D:6      | Found a white marble altar of Elyvilon.
  6331 | D:6      | Found an opulent altar of Gozag.
  6548 | D:6      | Reached skill level 14 in Polearms
  6602 | D:6      | Found an opulent altar of Gozag.
  7163 | D:6      | Reached skill level 15 in Polearms
  7250 | D:7      | Reached skill level 5 in Dodging
  7527 | D:7      | Found Epeateux's Book Shop.
  7570 | D:7      | Noticed Joseph
  7582 | D:7      | Killed Joseph
  7582 | D:7      | Reached ***** piety under Trog
  7582 | D:7      | Reached XP level 10. HP: 80/80 MP: 10/10
  7666 | D:7      | Reached skill level 16 in Polearms
  8271 | D:7      | Noticed Tyryt0's ghost (novice FoFi)
  8290 | D:7      | Killed Tyryt0's ghost
  8302 | D:7      | Reached skill level 17 in Polearms
  8674 | D:8      | HP: 1/80 [something (7)]
  8701 | D:8      | Killed an unseen horror
  9259 | D:8      | Found a sacrificial altar of Ru.
  9348 | D:8      | Noticed Tyryt0's ghost (novice OgFi)
  9364 | D:8      | Killed Tyryt0's ghost
  9364 | D:8      | Reached skill level 18 in Polearms
  9364 | D:8      | Reached XP level 11. HP: 52/86 MP: 11/11
  9719 | D:9      | Received a gift from Trog
 10112 | D:9      | Found a staircase to the Lair.
 10139 | D:9      | Found a glowing golden altar of the Shining One.
 10171 | D:9      | Found a deep blue altar of Sif Muna.
 10223 | D:9      | Reached skill level 10 in Dodging
 10599 | D:9      | Found a staircase to the Orcish Mines.
 10878 | D:9      | Found a sparkling altar of Nemelex Xobeh.
 10879 | D:9      | Found a shadowy altar of Dithmenos.
 10879 | D:9      | Found a radiant altar of Vehumet.
 10881 | D:9      | Found a hazy altar of Hepliaklqana.
 10931 | D:10     | Entered Level 10 of the Dungeon
 11004 | D:10     | Noticed Sonja
 11009 | D:10     | Killed Sonja
 11021 | D:10     | Noticed a cyclops
 11037 | D:10     | Killed a cyclops
 11060 | D:10     | Noticed a hill giant
 11067 | D:10     | Killed a hill giant
 11428 | D:10     | Noticed Urug
 11444 | D:10     | HP: 4/129 [Urug/broad axe of freezing (18)]
 11444 | D:10     | Slain by Urug

Skill      XL: |  1  2  3  4  5  6  7  8  9 10 11 |
---------------+----------------------------------+-----
Polearms       | 5 6 7 8 9 11 13 15 18 | 18.0
Fighting       | 4 5 6 7 8 |  8.2
Dodging        | 6 8 13 | 13.2
Armour         | |  1.3

Action                   |  1- 3 |  4- 6 |  7- 9 | 10-12 || total
-------------------------+-------+-------+-------+-------++-------
Melee: Spear             |   106 |   232 |   143 |       ||   481
       Trident           |       |       |   443 |   165 ||   608
       Halberd           |       |       |       |   328 ||   328
Invok: Berserk           |     3 |     7 |    11 |     6 ||    27
       Trog's Hand       |       |     3 |     2 |     3 ||     8
  Use: Potion            |       |     1 |       |     2 ||     3
       Scroll            |       |       |    13 |     4 ||    17
 Stab: Distracted        |     1 |       |       |       ||     1
  Eat: Chunk             |     5 |    14 |    19 |    16 ||    54
       Bread ration      |       |       |     1 |       ||     1
       Royal jelly       |       |       |       |     1 ||     1
Armor: Animal skin       |     3 |       |       |       ||     3
       Scale mail        |    17 |    39 |   136 |    93 ||   285
Dodge: Dodged            |    27 |    68 |   200 |   208 ||   503
